 Dungeon Crawl Stone Soup version 0.17-a0-1910-g4c791fa (webtiles) character file.

2 dpvblackbelt the Conjurer (level 1, -2/14 HPs)
             Began as a Draconian Conjurer on Sept 25, 2015.
             Slain by a jackal (3 damage)
             ... on level 1 of the Dungeon.
             The game lasted 00:00:37 (54 turns).

dpvblackbelt the Conjurer (Draconian Conjurer)        Turns: 54, Time: 00:00:37

Health: -2/14      AC:  4    Str: 10    XL:     1   Next: 33%
Magic:  0/3        EV: 12    Int: 15    God:
Gold:   0          SH:  0    Dex: 11    Spells: 1 memorised, 3 levels left

rFire  . . .     SeeInvis .     (no weapon)
rCold  . . .     Clarity  .     (armour unavailable)
rNeg   . . .     SustAt   .     (no shield)
rPois  .         Gourm    .     (helmet restricted)
rElec  .         Spirit   .     (no cloak)
rCorr  .         Warding  .     (no gloves)
rMut   .         Stasis   .     (no boots)
MR     .....                    (no amulet)
Stlth  ++........               (no ring)
                                (no ring)

@: not resistant to hostile enchantments, unstealthy
A: unfitting armour, cold-blooded, AC +4
a: no special abilities


You were on level 1 of the Dungeon.
You were not hungry.

You visited 1 branch of the dungeon, and saw 1 of its levels.

Inventory:

Books
 a - a book of Conjurations
Comestibles
 b - a bread ration {@e1@e1}


   Skills:
 - Level 1.7 Dodging
 - Level 1.7 Stealth
 + Level 2.2 Spellcasting
 - Level 4.0 Conjurations


You had 3 spell levels left.
You knew the following spells:

 Your Spells              Type           Power        Failure   Level  Hunger
a - Magic Dart            Conj           ##..         4%          1    #......


Dungeon Overview and Level Annotations

Branches:
Dungeon (1/15)

Altars:


Innate Abilities, Weirdness & Mutations

Your plain brown scales are hard (AC +4).
Your body does not fit into most forms of armour.
You are cold-blooded and may be slowed by cold attacks.


Message History

Welcome, dpvblackbelt the Draconian Conjurer.
Will you prevail where others failed? Will you find the Orb of Zot?
Found a staircase leading out of the dungeon.
A kobold comes into view. It is wielding a whip.
A kobold is nearby!
Aim: a kobold, wielding a whip (resting)
The magic dart hits the kobold.
The kobold shouts!
The kobold throws a stone.
The stone hits you but does no damage.
You now have 2/3 mp.
Aim: a kobold, wielding a whip (heavily wounded)
The magic dart hits the kobold.
You kill the kobold!
A jackal comes into view.
You now have 1/3 mp.
A jackal is nearby!
A jackal is nearby!
Aim: a jackal (hasn't noticed you)
The magic dart hits the jackal.
The jackal barks!
You now have 0/3 mp.
A jackal comes into view.
The jackal barks!
A jackal comes into view.
The jackal moves out of view.
The jackal bites you but does no damage.
The jackal bites you but does no damage.
The jackal barely misses you.
You completely miss the jackal. The jackal barely misses you.
You closely miss the jackal.
The jackal bites you but does no damage.
The jackal barely misses you. x2
The jackal bites you but does no damage.
Aim: a jackal (moderately wounded)
The magic dart hits the jackal.
The jackal bites you. The jackal bites you.
You take 3 damage, and have 11/14 hp.
MASSIVE DAMAGE!!
You now have 1/3 mp.
You barely miss the jackal. The jackal closely misses you.
The jackal bites you but does no damage.
The jackal barely misses you.
You barely miss the jackal. The jackal closely misses you.
The jackal closely misses you. The jackal barely misses you.
You hit the jackal but do no damage. The jackal closely misses you.
The jackal barely misses you.
You hit the jackal.
You kill the jackal!
The jackal barely misses you. The jackal misses you.
The jackal barely misses you.
You see here a jackal corpse.
Aim: a jackal The magic dart hits the jackal.
The jackal bites you but does no damage.
You now have 0/3 mp.
You hit the jackal but do no damage. The jackal bites you.
The jackal closely misses you.
You take 1 damage, and have 10/14 hp.
You closely miss the jackal.
The jackal bites you but does no damage.
You closely miss the jackal. The jackal closely misses you.
The jackal bites you but does no damage.
You closely miss the jackal. The jackal closely misses you.
A jackal comes into view.
You barely miss the jackal.
The jackal barks!
The jackal barely misses you.
You hit the jackal but do no damage. The jackal barely misses you.
The jackal closely misses you.
You barely miss the jackal.
Your tail-slap misses the jackal.
The jackal bites you but does no damage.
You closely miss the jackal. The jackal barely misses you.
The jackal bites you.
You take 3 damage, and have 7/14 hp.
MASSIVE DAMAGE!!
Aim: a jackal (heavily wounded)
The magic dart hits the jackal.
The jackal closely misses you. The jackal barely misses you.
The jackal misses you.
You now have 0/3 mp.
You hit the jackal.
The jackal bites you but does no damage. x2
You hit the jackal but do no damage. The jackal bites you.
The jackal bites you.
* * * LOW HITPOINT WARNING * * *
The jackal bites you.
* * * LOW HITPOINT WARNING * * *
You take 6 damage, and have 1/14 hp.
MASSIVE DAMAGE!!
You barely miss the jackal. The jackal barely misses you.
The jackal bites you but does no damage.
The jackal bites you.
You die...

#########
#.@##...##
##hh.....##
##...##..#
######..###
##...h..####
#...###.(..#
##.###
###.## ##.##
.$. #<.#
##..#


You could see 2 jackals.

Vanquished Creatures
  A jackal (D:1)
  A kobold (D:1)
2 creatures vanquished.

Notes
Turn   | Place    | Note
--------------------------------------------------------------
     0 | D:1      | dpvblackbelt the Draconian Conjurer began the quest for the Orb.
     0 | D:1      | Reached XP level 1. HP: 14/14 MP: 3/3
    53 | D:1      | HP: 2/14 [jackal (3)]
    54 | D:1      | Slain by a jackal

Vault maps used:
D:1:      lemuel_arrival_tunnels, tso_metal_star

Action                   || total
-------------------------++-------
Melee: Unarmed           ||    17
 Cast: Magic Dart        ||     6

Vault maps used:
D:1:      lemuel_arrival_tunnels, tso_metal_star

Table legend:
 A = Turns spent in this place as a percentage of turns spent in the entire game.
 B = Non-inter-level travel turns spent in this place as a percentage of non-inter-level travel turns spent in the entire game.
 C = Inter-level travel turns spent in this place as a percentage of turns spent in this place.
 D = Turns resting spent in this place as a percentage of non-inter-level travel turns spent in this place.
 E = Turns spent auto-exploring this place as a percentage of non-inter-level travel turns spent in this place.
 F = Non-inter-level travel turns spent in this place divided by the number of levels of this place that you've seen.
                   A       B       C       D       E      F
               +-------+-------+-------+-------+-------+----------------------
         Total | 100.0 | 100.0 |   0.0 |   0.0 |   2.0 |  49.0
       Dungeon | 100.0 | 100.0 |   0.0 |   0.0 |   2.0 |  49.0
               +-------+-------+-------+-------+-------+----------------------

Table legend:
 A = Kills in this place as a percentage of kills in entire the game.
 B = Kills by you in this place as a percentage of kills by you in the entire game.
 C = Kills by friends in this place as a percentage of kills by friends in the entire game.
 D = Other kills in this place as a percentage of other kills in the entire game.
 E = Experience gained in this place as a percentage of experience gained in the entire game.
 F = Experience gained in this place divided by the number of levels of this place that you have seen.
                   A       B       C       D       E      F
               +-------+-------+-------+-------+-------+----------------------
         Total | 100.0 | 100.0 |  -nan |  -nan | 100.0 |   4.0
       Dungeon | 100.0 | 100.0 |  -nan |  -nan | 100.0 |   4.0
               +-------+-------+-------+-------+-------+----------------------
